 Dungeon Crawl Stone Soup version 0.31.0-11-ge490571c62 (webtiles) character file.

Game seed: 10132095758946989032

296 trckry the Ruffian (level 6, -2/70 HPs)
             Began as a Draconian Shapeshifter on Jan 27, 2024.
             Splashed by a jelly's acid (4 damage)
             ... on level 4 of the Dungeon.
             The game lasted 00:05:55 (2433 turns).

trckry the Ruffian (Draconian Shapeshifter)         Turns: 2433, Time: 00:05:56

Health: -2/70      AC: 11    Str: 16    XL:     6   Next: 12%
Magic:  6/6        EV:  2    Int: 10    God:
Gold:   156        SH:  0    Dex: 11    Spells: 5/5 levels left

rFire   . .          .
                       - Unarmed
rCold   . . .        (no shield)
rNeg    . . .        (body armour unavailable)
rPois   +            (helmet currently unavailable)
rElec   .            (cloak currently unavailable)
rCorr   .            (gloves currently unavailable)
SInv    .            (boots currently unavailable)
Will    .....        (no amulet)
Stlth   +            m - ring of poison resistance
HPRegen 0.31/turn    (no ring)
MPRegen 0.10/turn

%: no passive effects
@: mighty, tree-form, corroded
A: stationary, stasis, torment immunity, boosted hp, AC +6, unfitting armour,
(cold-blooded), weak 1
a: no special abilities


You were on level 4 of the Dungeon.
You were a tree.
You visited 1 branch of the dungeon, and saw 4 of its levels.

You collected 156 gold pieces.

Inventory:

Missiles
 k - 7 poisoned darts (quivered)
Jewellery
 i - an amulet of faith
 m - a ring of poison resistance (left branch)
Talismans
 b - a beast talisman
 c - a flux talisman
Scrolls
 d - 3 scrolls of teleportation {unknown}
 e - 3 scrolls of fear {unknown}
 f - a scroll of identify {unknown}
 h - a scroll of enchant armour {unknown}
 l - a scroll of noise {unknown}
 n - a scroll of revelation {unknown}
 q - a scroll of immolation {unknown}
 r - a scroll of torment {unknown}
 s - a scroll of summoning {unknown}
Potions
 g - a potion of magic


   Skills:
 - Level 1.1 Fighting
 - Level 1.7 Dodging
 * Level 5.3 Unarmed Combat
 * Level 5.0 Shapeshifting


You had 5 spell levels left.
You didn't know any spells.
Your spell library contained the following spells:

 Spells                   Type           Power      Damage    Failure   Level
 Call Imp                 Summ           0%         N/A       50%         2
 Sublimation of Blood     Necr           0%         N/A       50%         2
 Summon Hydra             Summ           0%         N/A       100%        7


Dungeon Overview and Level Annotations

Branches:
Dungeon (4/15) Zot: 21583
 Temple: D:4-7

Altars:

Shops:
D:3 (

Annotations:
D:3 1 runed translucent door, Crazy Yiuf


Innate Abilities, Weirdness & Mutations

You are a tree.
Your roots penetrate the ground, keeping you stationary.
You cannot be teleported.
You are immune to unholy pain and torment.
Your maximum health is greatly increased.
Your equipment is partially melded.
((Your plain brown scales are hard. (AC +6)))
You cannot fit into any form of body armour.
((You are cold-blooded and may be slowed by cold attacks.))
You are weak. (Str -2)


Message History

You hit the jelly.
Your hands burn!
The jelly is moderately wounded.
The jelly hits you.
You are splashed with acid!
You hit the jelly but do no damage. The acid corrodes you!
Your hands burn!
The jelly is moderately wounded.
The jelly hits you. The acid corrodes you!
You are splashed with acid!
* * * LOW HITPOINT WARNING * * *
The jelly attacks as it pursues you! The jelly hits you.
* * * LOW HITPOINT WARNING * * *
You are splashed with acid.
* * * LOW HITPOINT WARNING * * *
Okay, then.
A jelly is nearby!
Okay, then.
Your transformation has ended.
You turn into a tree.
Your roots penetrate the ground.
The jelly hits you but does no damage.
It was a potion of mutation.
You feel extremely strange.
You feel weaker. The jelly hits you but does no damage.
It was a potion of curing.
You feel better. The jelly hits you but does no damage.
You smack the jelly!
Your branches burn!
* * * LOW HITPOINT WARNING * * *
The jelly is almost dead.
The jelly barely misses you.
You hit the jelly but do no damage. The acid corrodes you!
Your branches burn!
* * * LOW HITPOINT WARNING * * *
The jelly is almost dead.
The jelly hits you.
* * * LOW HITPOINT WARNING * * *
You are splashed with acid!
* * * LOW HITPOINT WARNING * * *
It was a potion of magic.
Magic courses through your body. The jelly hits you but does no damage.
It was a potion of might.
You feel very mighty all of a sudden. The jelly barely misses you.
You hit the jelly.
Your branches burn!
You die...

.............. >^ #...[....#
... ######...# ####### ....
# ####...## ####.....# #.. #
#..+..<.# #...!....#...
###.##)†..# #........#.#
#........# #..........#
##..#.....###........###
≈#..#...#.##....♣J...#
≈#......#.##................
~'......'...................
≈#......#.###...............
≈########...#...............
# #...#...#####.......
#...........#....[..
#..###.####.#.......
#####†.....#


You could see a jelly.

Vanquished Creatures
  A scorpion (D:4)
  2 hounds (D:4)
  An iguana (D:4)
  7 adders
  A dart slug (D:4)
  An orc (D:4)
  6 bats
  9 endoplasms
  2 giant cockroaches (D:3)
  11 goblins
  9 hobgoblins
  5 quokkas
  14 ball pythons
  3 frilled lizards
  6 kobolds
  5 rats
83 creatures vanquished.

Notes
Turn   | Place    | Note
-------+----------+-------------------------------------------
     0 | D:1      | trckry the Draconian Shapeshifter began the quest for the
                  | Orb.
     0 | D:1      | Reached XP level 1. HP: 16/16 MP: 1/1
    74 | D:1      | Reached XP level 2. HP: 23/23 MP: 2/2
   501 | D:1      | Reached XP level 3. HP: 26/28 MP: 3/3
  1125 | D:2      | Reached XP level 4. HP: 35/35 MP: 4/4
  1754 | D:3      | Found a runed translucent door.
  1755 | D:3      | Noticed Crazy Yiuf
  1891 | D:3      | Found Agiw Dedgh's Antique Weapon Boutique.
  2137 | D:4      | Reached XP level 5. HP: 37/40 MP: 5/5
  2283 | D:4      | Reached skill level 5 in Unarmed Combat
  2328 | D:4      | Reached skill level 5 in Shapeshifting
  2328 | D:4      | Reached XP level 6. HP: 35/47 MP: 6/6
  2425 | D:4      | HP: 5/47 [acid (6)]
  2427 | D:4      | Gained mutation: You are weak. (Str -2) [potion of
                  | mutation]
  2430 | D:4      | HP: 10/70 [acid (2)]
  2430 | D:4      | HP: 2/70 [acid (7)]
  2433 | D:4      | Splashed by a jelly's acid

Illustrated notes

Levels and vault maps discovered:
D:1:      dpeg_arrival_tiny_h, layout_loops_ring
D:2:      layout_basic, chequers_serial_rivers_micro_b
D:3:      layout_basic, serial_shops, nicolae_shop_pleasant_corner_grove,
          minmay_misc_feat_plants, minmay_between, uniq_crazy_yiuf_cottage
D:4:      layout_basic, minmay_misc_feat_more_columns,
          chequers_serial_rivers_room_b

Skill      XL: |  1  2  3  4  5 |
---------------+----------------+-----
Unarmed Combat | 4 5 |  5.3
Shapeshifting  | 4 5 |  5.0
Fighting       | |  1.1
Dodging        | |  1.7

Action                     |  1- 3 |  4- 6 || total
---------------------------+-------+-------++-------
  Melee: Unarmed           |   113 |   107 ||   220
         Tailslap          |     9 |    12 ||    21
         Punch             |     2 |     1 ||     3
    Use: Potion            |       |     5 ||     5
   Stab: Sleeping          |     1 |     1 ||     2
 Armour: Skin              |    52 |    61 ||   113
  Dodge: Dodged            |    54 |    58 ||   112
